 Dungeon Crawl Stone Soup version 0.25.1-2-g60ff931df9 (webtiles) character file.

Game seed: 17079655204856987721

1402 ew1980 the Changer (level 8, -5/54 HPs)
             Began as an Octopode Transmuter on Nov 26, 2020.
             Was an Initiate of Makhleb.
             Slain by a bullfrog (7 damage)
             ... on level 6 of the Dungeon.
             The game lasted 00:20:04 (8204 turns).

ew1980 the Changer (Octopode Transmuter)            Turns: 8204, Time: 00:20:04

Health: -5/54      AC:  2    Str:  9    XL:     8   Next: 69%
Magic:  13/14      EV: 20    Int: 17    God:    Makhleb [......]
Gold:   438        SH:  0    Dex: 18    Spells: 7/16 levels left

rFire    . . .     SeeInvis .     - Unarmed
rCold    . . .     Gourm    .   (shield currently unavailable)
rNeg     . . .     Faith    .   (helmet currently unavailable)
rPois    x         Spirit   .   y - amulet of magic regeneration
rElec    .         Reflect  .   f - ring of flight
rCorr    .         Harm     .   (no ring)
MR       .....                  (no ring)
Stlth    ++........             (no ring)
HPRegen  0.18/turn              (no ring)
MPRegen  0.39/turn              (no ring)
                                (no ring)
                                (no ring)

@: spider-form
A: tiny, almost no armour, stealthy swim, (amphibious), 8 rings, (constrict 8)
a: End Transformation, Renounce Religion, Evoke Flight


You were on level 6 of the Dungeon.
You worshipped Makhleb.
Makhleb was noncommittal.
You were not hungry.
You were a venomous arachnid creature.
You visited 2 branches of the dungeon, and saw 7 of its levels.

You collected 438 gold pieces.

Inventory:

Hand Weapons
 k - a +3 whip of electrocution (melded)
 s - a +2 mace of draining
 t - the +5 mace "Joreleph" {freeze, *Rage Dex+6}
   (You found it on level 4 of the Dungeon)

   It has been specially enchanted to freeze those struck by it, causing extra
   injury to most foes and up to half again as much damage against particularly
   susceptible opponents.
   It can also slow down cold-blooded creatures.
   It affects your dexterity (+6).
   It may make you go berserk in combat.
 u - a +3 vorpal mace
Missiles
 a - 127 arrows
 i - 11 poisoned darts
 n - 4 throwing nets
 p - 6 javelins (quivered)
Armour
 A - a +0 buckler (melded)
Jewellery
 f - a ring of flight (left front leg)
 y - an amulet of magic regeneration (around neck)
Wands
 v - a wand of digging (4)
 B - a wand of flame (1)
 C - a wand of random effects (13)
Scrolls
 d - a scroll of random uselessness {unknown}
 h - 5 scrolls of enchant weapon
 l - 4 scrolls of teleportation
 o - a scroll of enchant armour
 D - 3 scrolls of remove curse
 E - a scroll of identify
Potions
 b - a potion of brilliance
 e - 2 potions of curing
 g - 2 potions of haste
 j - 2 potions of lignification
 m - 2 potions of mutation
 q - a potion of flight {unknown}
 r - a potion of resistance {unknown}
 w - a potion of might {unknown}
 x - a potion of magic {unknown}
 z - a potion of ambrosia {unknown}
Comestibles
 c - 13 rations


   Skills:
 + Level 4.4 Fighting
 - Level 2.0 Dodging
 * Level 3.5 Shields
 + Level 5.3 Unarmed Combat
 + Level 4.5 Spellcasting
 + Level 5.9 Transmutations
 + Level 0.6 Invocations


You had 7 spell levels left.
You knew the following spells:

 Your Spells              Type           Power        Failure   Level  Hunger
a - Sticks to Snakes      Tmut           ###.....     8%          2    ##.....
b - Spider Form           Tmut/Pois      ##........   30%         3    ###....
c - Ice Form              Ice/Tmut       ##......     63%         4    ####...

Your spell library contained the following spells:

 Spells                   Type           Power        Failure   Level  Hunger
 Beastly Appendage        Tmut           ###...       6%          1    None
 Blade Hands              Tmut           ###.......   56%         5    ######.


Dungeon Overview and Level Annotations

Branches:
Dungeon (6/15)             Temple (1/1) D:4

Altars:
Ashenzari
Cheibriados
Dithmenos
Fedhas
Gozag
Hepliaklqana
Kikubaaqudgha
Makhleb
Nemelex Xobeh
Okawaru
Ru
Trog
Uskayaw
Vehumet
Xom
Yredelemnul
Zin

Shops:
D:4 [


Innate Abilities, Weirdness & Mutations

You cannot wear most types of armour.
You are very stealthy in the water. (Stealth+)
((You are amphibious.))
You can wear up to eight rings at the same time.
((You can use your tentacles to constrict eight enemies at once.))
((Your skin changes colour to match your surroundings (Stealth+).))
((Your rubbery body absorbs attacks. (AC +1, EV +1)))


Message History

Your +0 buckler melds into your body.
Your +3 whip of electrocution stops crackling.
The bullfrog hits your ball python!
Your ball python dies!
A worker ant zombie comes into view.
The bullfrog closely misses you. The bullfrog barely misses you.
You hit the bullfrog but do no damage.
The bullfrog is poisoned.
The bullfrog hits you!
* * * LOW HITPOINT WARNING * * *
You hit the bullfrog.
The bullfrog looks as sick as possible!
The bullfrog is lightly wounded.
The bullfrog hits you!
* * * LOW HITPOINT WARNING * * *
You hit the bullfrog.
The bullfrog looks as sick as possible!
The bullfrog is lightly wounded.
The bullfrog barely misses you. The bullfrog closely misses you.
You bite the bullfrog!
The bullfrog looks as sick as possible!
The bullfrog is severely wounded.
The bullfrog hits you!
You die...

#. ###.#########
............###
####..........#..
.......Z.....#.#
########...........#.#
.....#.#...........#.#
######.#........s..#.#
######.#
#รท......F...#
....##.#
#########.#######
###.##.# #........
#......# ####.#......
#.#.##.#
######...##.#####
#.#.#..#.#....'...+ .
#.#.#..#.#.####...# ##
#.#.##.#.#.# #...#


You could see a bullfrog (extremely poisoned) and a worker ant zombie.

Vanquished Creatures
  A wyvern (D:6)
  A black bear (D:6)
  3 centaurs (D:5)
  5 scorpions
  2 howler monkeys
  3 crimson imps
  A jelly (D:4)
  A hound (D:5)
  A bullfrog skeleton (D:4)
  2 orc wizards (D:4)
  Crazy Yiuf (D:4)
  An orc priest (D:3)
  An iguana (D:5)
  3 worker ants
  Robin (D:3)
  A howler monkey zombie (D:5)
  5 adders
  A howler monkey skeleton (D:6)
  A shadow imp (D:5)
  An ooze (D:4)
  A worm (D:3)
  2 dart slugs
  3 leopard geckos
  8 orcs
  2 ball pythons
  4 bats
  4 giant cockroaches
  21 goblins
  9 hobgoblins
  9 jackals
  A quokka (D:6)
  3 frilled lizards
  9 kobolds
  2 rats
114 creatures vanquished.

Vanquished Creatures (collateral kills)
  An adder (D:3)
1 creature vanquished.

Grand Total: 115 creatures vanquished

Notes
Turn   | Place    | Note
-------+----------+-------------------------------------------
     0 | D:1      | ew1980 the Octopode Transmuter began the quest for the Orb.
     0 | D:1      | Reached XP level 1. HP: 13/13 MP: 3/3
    44 | D:1      | Reached XP level 2. HP: 16/18 MP: 5/5
  1404 | D:2      | Reached XP level 3. HP: 22/23 MP: 6/6
  1408 | D:2      | Learned a level 2 spell: Sticks to Snakes
  1412 | D:2      | Learned a level 3 spell: Spider Form
  2177 | D:3      | Reached XP level 4. HP: 29/29 MP: 3/7
  2815 | D:3      | Found a shimmering altar of Xom.
  3280 | D:3      | Reached XP level 5. HP: 30/34 MP: 9/9
  3353 | D:3      | Noticed Robin
  3377 | D:3      | Killed Robin
  3864 | D:4      | Found Gaonnoos's Armour Emporium.
  3948 | D:4      | Reached XP level 6. HP: 41/41 MP: 6/10
  3985 | D:4      | Learned a level 4 spell: Ice Form
  4010 | D:4      | Found the +5 demon whip "Spellbinder" {antimagic, MR+}
  4016 | D:4      | Got a glimmering mace
  4021 | D:4      | Found a runed translucent door.
  4022 | D:4      | Noticed Crazy Yiuf
  4817 | D:4      | Reached XP level 7. HP: 46/46 MP: 12/12
  4822 | D:4      | Found a staircase to the Ecumenical Temple.
  4831 | Temple   | Entered the Ecumenical Temple
  5314 | D:4      | Killed Crazy Yiuf
  5314 | D:4      | Reached skill level 5 in Transmutations
  5361 | D:5      | Entered Level 5 of the Dungeon
  5430 | D:5      | Identified the +5 mace "Joreleph" {freeze, *Rage Dex+6}
                  | (You found it on level 4 of the Dungeon)
  5508 | D:5      | Found a bloodstained altar of Trog.
  6246 | D:5      | Reached skill level 1 in Shields
  6510 | D:5      | Reached XP level 8. HP: 34/54 MP: 12/14
  7129 | D:5      | Reached skill level 5 in Unarmed Combat
  7494 | D:6      | Noticed a wyvern
  7502 | D:6      | Killed a wyvern
  7929 | D:6      | Found a burning altar of Makhleb.
  7929 | D:6      | Found a radiant altar of Vehumet.
  7944 | D:6      | Became a worshipper of Makhleb the Destroyer
  8202 | D:6      | HP: 1/54 [bullfrog (8)]
  8204 | D:6      | Slain by a bullfrog

Illustrated notes

Levels and vault maps discovered:
D:1:      denvon_arrival_planthouse, layout_basic
D:2:      layout_rooms, grunt_ministairs_13, kennysheep_generic_room_2
D:3:      layout_loops_corners, xom_teletrap_fun, kennysheep_nondescript,
          minmay_quadrilaterals, uniq_robin
D:4:      layout_loops_cross, minmay_temple_entry_enclosed_plants, serial_shops,
          shop, corexii_item_surrounded_by_moat, minmay_starry_boxes,
          uniq_crazy_yiuf_cottage
D:5:      minmay_skewed_foursquare, layout_loops_ring, first_ration,
          trog_hazing_becter
D:6:      layout_basic, grunt_temple_overflow_lords_of_destruction
Temple:   nicolae_temple_great_sept

Skill      XL: |  1  2  3  4  5  6  7  8 |
---------------+-------------------------+-----
Transmutations | 3 4 5 |  5.9
Fighting       | 2 3 4 |  4.4
Spellcasting   | 3 4 |  4.5
Unarmed Combat | 4 5 |  5.3
Shields        | 1 3 |  3.5
Dodging        | |  2.0
Invocations    | |  0.6

Action                   |  1- 3 |  4- 6 |  7- 9 || total
-------------------------+-------+-------+-------++-------
Melee: Unarmed           |    69 |   128 |    56 ||   253
       Constrict         |    22 |    25 |    15 ||    62
       Tentacles         |     9 |    11 |    13 ||    33
       Punch             |     2 |     3 |     3 ||     8
       Kick              |       |     4 |       ||     4
       Whip              |       |       |    69 ||    69
Throw: Dart              |       |       |    13 ||    13
       Javelin           |       |       |     1 ||     1
 Cast: Spider Form       |     1 |     7 |     9 ||    17
       Sticks to Snakes  |       |     4 |     2 ||     6
       Beastly Appendage |       |     2 |       ||     2
  Use: Potion            |       |     1 |       ||     1
       Scroll            |       |       |    14 ||    14
 Stab: Sleeping          |     5 |     2 |     4 ||    11
  Eat: Chunk             |     4 |     9 |     8 ||    21
       Ration            |       |       |     1 ||     1
Armor: Skin              |     2 |     8 |     3 ||    13
Dodge: Dodged            |    39 |    86 |    97 ||   222
Block: Buckler           |       |       |     9 ||     9
